 Dungeon Crawl Stone Soup version 0.17-a0-2220-g6fea741 (webtiles) character file.

287 zarick13 the Slasher (level 6, 0/47 HPs)
             Began as a Human Fighter on Oct 28, 2015.
             Slain by Pikel
             ... wielding a +2 whip of freezing
              (6 damage)
             ... on level 5 of the Dungeon.
             The game lasted 00:09:39 (4295 turns).

zarick13 the Slasher (Human Fighter)                Turns: 4295, Time: 00:09:39

Health: 0/47       AC:  9    Str: 18    XL:     6   Next: 56%
Magic:  6/6        EV:  7    Int:  8    God:
Gold:   184        SH:  9    Dex: 13    Spells: 0 memorised, 5 levels left

rFire  . . .     SeeInvis .     a - +0 long sword
rCold  . . .     Clarity  .     b - +0 scale mail
rNeg   . . .     SustAt   .     c - +0 shield
rPois  .         Gourm    .     (no helmet)
rElec  .         Spirit   .     h - +2 cloak
rCorr  .         Warding  .     (no gloves)
rMut   .         Stasis   +     (no boots)
MR     .....                    l - amulet of stasis
Stlth  ..........               (no ring)
                                (no ring)

@: not resistant to hostile enchantments, extremely unstealthy
A: no striking features
a: no special abilities


You were on level 5 of the Dungeon.
You were very hungry.

You visited 2 branches of the dungeon, and saw 6 of its levels.

You collected 184 gold pieces.

Inventory:

Hand Weapons
 a - a +0 long sword (weapon)
Armour
 b - a +0 scale mail (worn)
 c - a +0 shield (worn)
 h - a +2 cloak (worn)
 j - a +0 plate armour
Jewellery
 l - an amulet of stasis (around neck)
 u - an uncursed amulet of guardian spirit
Wands
 s - a wand of flame (13)
 v - a wand of teleportation (3)
Scrolls
 i - 2 scrolls of immolation
 o - a scroll of enchant armour
 p - a scroll of remove curse
 q - 2 scrolls of teleportation
 r - a scroll of recharging
Potions
 d - 4 potions of might
 g - 3 potions of haste
 k - a potion of brilliance {unknown}
 n - a potion of resistance
 t - a potion of curing {unknown}
Comestibles
 e - 6 bread rations
 f - 3 meat rations
 m - a slice of pizza


   Skills:
 - Level 3.0 Fighting
 * Level 6.4 Long Blades
 - Level 3.0 Armour
 - Level 3.0 Shields


You had 5 spell levels left.
You didn't know any spells.

Dungeon Overview and Level Annotations

Branches:
Dungeon (5/15)             Temple (1/1) D:5

Altars:
Cheibriados
Dithmenos
Elyvilon
Gozag
Kikubaaqudgha
Makhleb
Nemelex Xobeh
Okawaru
Qazlal
Ru
Sif Muna
Trog
Vehumet
Xom
Yredelemnul
The Shining One

Annotations:
D:5 Pikel


Message History

Pikel freezes you.
* * * LOW HITPOINT WARNING * * *
Your shield and scale mail prevent you from hitting Pikel.
Pikel is heavily wounded.
You block Pikel's attack.
Drink which item? (? for menu, Esc to quit)
It was a potion of haste.
This potion cannot work under stasis.
You closely miss Pikel.
Pikel is heavily wounded.
Pikel barely misses you.
You hit Pikel.
Pikel is heavily wounded.
Pikel hits you with a whip of freezing.
* * * LOW HITPOINT WARNING * * *
Pikel freezes you.
* * * LOW HITPOINT WARNING * * *
You barely miss Pikel.
Pikel is heavily wounded.
Pikel barely misses you. Pikel hits you with a whip of freezing.
You die...

#...##..#.#
##........# #.#
#..##..########.# ###
##...........<.#.# #..
...###.##.####.#.# #.#
#### #. #.# #.#.# #.#
#. #.# #.#.# #.#
######. #.# #.#.# #.#
....... #.# #.#@# #.#
####### #.#
#.#K###.######p# #<#
#.#pp....pK..... ###
#.####..p....######.#
..#######.........####
#................##
##################


You could see Pikel and 3 slaves.

Vanquished Creatures
  A hound (D:5)
  An orc priest (D:4)
  2 orc wizards (D:4)
  A centaur skeleton (D:4)
  A worker ant (D:5)
  5 adders
  An ooze (D:1)
  2 worms (D:2)
  4 giant geckos
  4 orcs
  8 bats
  A giant cockroach (D:2)
  6 goblins
  3 hobgoblins (D:2)
  7 kobolds
  3 quokkas
  A ball python (D:2)
  3 giant newts
  A jackal skeleton (D:4)
  A quokka skeleton (D:4)
  A quokka zombie (D:5)
  5 rats
62 creatures vanquished.

Notes
Turn   | Place    | Note
--------------------------------------------------------------
     0 | D:1      | zarick13 the Human Fighter began the quest for the Orb.
     0 | D:1      | Reached XP level 1. HP: 18/18 MP: 1/1
     2 | D:1      | Noticed a gargoyle
     2 | D:1      | Noticed a merfolk
     4 | D:1      | Noticed an octopode
     4 | D:1      | Noticed a demigod
     6 | D:1      | Noticed an elf
     8 | D:1      | Noticed an ogre
     8 | D:1      | Noticed a formicid
    12 | D:1      | Noticed a centaur
    14 | D:1      | Noticed a vine stalker
    14 | D:1      | Noticed a naga
    16 | D:1      | Noticed a vampire
    16 | D:1      | Noticed a demonspawn
    18 | D:1      | Noticed a felid
    18 | D:1      | Noticed a troll
    20 | D:1      | Noticed a human
    22 | D:1      | Noticed a tengu
    22 | D:1      | Noticed a spriggan
    24 | D:1      | Noticed a minotaur
    24 | D:1      | Noticed a dwarf
    26 | D:1      | Noticed a draconian
    26 | D:1      | Noticed a ghoul
    65 | D:1      | Reached XP level 2. HP: 18/24 MP: 2/2
   528 | D:1      | Reached XP level 3. HP: 24/29 MP: 3/3
   955 | D:2      | Found an opulent altar of Gozag.
  1170 | D:2      | Found a deep blue altar of Sif Muna.
  1344 | D:2      | Reached XP level 4. HP: 33/35 MP: 4/4
  1354 | D:2      | Reached skill level 4 in Long Blades
  1721 | D:2      | Found a shimmering altar of Xom.
  1722 | D:2      | Found a burning altar of Makhleb.
  1726 | D:2      | Found a sparkling altar of Nemelex Xobeh.
  2364 | D:4      | Reached XP level 5. HP: 37/41 MP: 5/5
  2568 | D:4      | Reached skill level 5 in Long Blades
  2860 | D:4      | Reached XP level 6. HP: 29/47 MP: 6/6
  3167 | D:4      | Reached skill level 6 in Long Blades
  3693 | D:5      | Entered Level 5 of the Dungeon
  3781 | D:5      | Found a staircase to the Ecumenical Temple.
  3789 | Temple   | Entered the Ecumenical Temple
  4256 | D:5      | Noticed a slave
  4257 | D:5      | Noticed Pikel
  4258 | D:5      | Noticed a slave
  4258 | D:5      | Noticed a slave
  4273 | D:5      | Noticed a slave
  4295 | D:5      | Slain by Pikel

Vault maps used:
D:1:      kb_arrival_jail, hex_tiny
D:2:      nicolae_overflow_crystal_walls, minitemple, kennysheep_pointless_box,
          minmay_misc_feat_nine_boxes, kennysheep_generic_room_9
D:4:      first_bread
D:5:      minmay_temple_entry_metal_lava, kennysheep_generic_room_14, uniq_pikel
Temple:   triangle_lava_temple_11

Action                   |  1- 3 |  4- 6 || total
-------------------------+-------+-------++-------
Melee: Long sword        |   101 |   187 ||   288
  Use: Scroll            |     4 |     8 ||    12
  Eat: Chunk             |     1 |     7 ||     8
       Pizza             |       |     1 ||     1
